 Dungeon Crawl Stone Soup version 0.28.0-53-g5a82cb258f (webtiles) character file.

Game seed: 11184433018020104071

49 DildoBatman the Conjurer (level 4, 0/32 HPs)
             Began as a Formicid Conjurer on July 16, 2022.
             Slain by a gnoll
             ... wielding a +0 club
              (4 damage)
             ... on level 2 of the Dungeon.
             The game lasted 00:04:27 (1246 turns).

DildoBatman the Conjurer (Formicid Conjurer)        Turns: 1246, Time: 00:04:28

Health: 0/32       AC:  3    Str: 12    XL:     4   Next: 2%
Magic:  5/8        EV: 12    Int: 17    God:
Gold:   32         SH:  0    Dex: 11    Spells: 5/8 levels left

rFire   . . .      SeeInvis +   a - +2 dagger (drain)
rCold   . . .      Faith    .   (no shield)
rNeg    . . .      Spirit   .   k - +0 robe
rPois   .          Reflect  .   (helmet unavailable)
rElec   .          Harm     .   e - +0 cloak
rCorr   .          Rampage  .   (no gloves)
Will    .....                   (no boots)
Stlth   +.........              (no amulet)
HPRegen 0.10/turn               (no ring)
MPRegen 0.11/turn               (no ring)

@: glowing
A: permanent stasis, dig shafts and tunnels, antennae 3, four strong arms
a: Dig, Shaft Self


You were on level 2 of the Dungeon.
You visited 1 branch of the dungeon, and saw 2 of its levels.

You collected 32 gold pieces.

Inventory:

Hand Weapons
 a - a +2 dagger of draining (weapon)
 b - a +0 flail
 d - a +0 dagger
Missiles
 c - 29 stones
 l - 15 bolts
Armour
 e - a +0 cloak (worn)
 k - a +0 robe (worn)
Scrolls
 f - 3 scrolls of blinking {unknown}
 g - 2 scrolls of identify {unknown}
 h - 2 scrolls of teleportation {unknown}
Potions
 i - a potion of brilliance {unknown}
 j - a potion of berserk rage {unknown}


   Skills:
 * Level 1.4 Fighting
 * Level 1.4 Armour
 - Level 2.0 Dodging
 - Level 2.4 Stealth
 * Level 2.7 Spellcasting
 * Level 3.9 Conjurations


You had 5 spell levels left.
You knew the following spells:

 Your Spells              Type           Power      Damage    Failure   Level
a - Searing Ray           Conj           30%        2d5       5%          2
c - Magic Dart            Conj           60%        1d6       3%          1

Your spell library contained the following spells:

 Spells                   Type           Power      Damage    Failure   Level
 Dazzling Flash           Conj/Hex       18%        N/A       24%         3
 Fulminant Prism          Conj/Hex       4%         3d6       63%         4
 Iskenderun's Mystic Bla  Conj/Tloc      9%         2d4       63%         4


Dungeon Overview and Level Annotations

Branches:
Dungeon (2/15)

Altars:

Annotations:
D:1 exclusions: kraken and 1 more exclusion
D:2 Natasha, Sigmund


Innate Abilities, Weirdness & Mutations

You cannot be hasted, slowed, berserked, paralysed or teleported.
You can dig through walls and to a lower floor.
You have a pair of large antennae on your head. (SInv)
Your four strong arms can wield two-handed weapons with a shield.


Message History

Anything else - Cancel.
You shout for attention!
The gnoll barely misses you.
The kobold hits you with a +1 dagger of electrocution.
What are your orders? t - Shout!
Orders for allies: a - Attack new target. r - Retreat! s - Stop attacking. g - Guard the area. f - Follow me.
Anything else - Cancel.
You shout for attention!
The gnoll barely misses you.
The kobold hits you with a +1 dagger of electrocution.
What are your orders? t - Shout!
Orders for allies: a - Attack new target. r - Retreat! s - Stop attacking. g - Guard the area. f - Follow me.
Anything else - Cancel.
You shout for attention!
The gnoll completely misses you. The kobold barely misses you.
What are your orders? t - Shout!
Orders for allies: a - Attack new target. r - Retreat! s - Stop attacking. g - Guard the area. f - Follow me.
Anything else - Cancel.
You shout for attention!
The gnoll closely misses you. The kobold hits you but does no damage.
What are your orders? t - Shout!
Orders for allies: a - Attack new target. r - Retreat! s - Stop attacking. g - Guard the area. f - Follow me.
Anything else - Cancel.
You shout for attention!
The gnoll hits you with a +0 club.
You die...

...####...###.#### #
###).##.# ##..#.#
######....# #.#
#........##
#####.#### ..######.#
#....?...# #.#
#........###
#.#####..........
#<...@K........#
##....g........#
#.....#.#...><..g#
.....###...........$#
....## ###..#.$######
#### #.##... # ##.#.
.. .. ## #.


You could see a gnoll and a kobold.

Vanquished Creatures
  An adder (D:2)
  A gnoll (D:2)
  A dart slug (D:1)
  3 endoplasms
  2 giant cockroaches
  5 goblins
  3 hobgoblins (D:1)
  A quokka (D:2)
  2 ball pythons
  2 bats (D:1)
  4 frilled lizards (D:1)
  4 kobolds (D:1)
  2 rats (D:1)
31 creatures vanquished.

Vanquished Creatures (others)
  A ghoul (D:1)
  A draconian (D:1)
  An octopode (D:1)
  An elf (D:1)
  A human (D:1)
  3 nagas (D:1)
  2 tengu (D:1)
  2 ogres (D:1)
  5 tentacles (D:1)
  A withered plant (D:1)
18 creatures vanquished.

Grand Total: 49 creatures vanquished

Notes
Turn   | Place    | Note
-------+----------+-------------------------------------------
     0 | D:1      | DildoBatman the Formicid Conjurer began the quest for the
                  | Orb.
     0 | D:1      | Reached XP level 1. HP: 13/13 MP: 3/3
     0 | D:1      | Noticed a draconian
     0 | D:1      | Noticed a human
     0 | D:1      | Noticed a naga
     0 | D:1      | Noticed a tengu
     0 | D:1      | Noticed an elf
     0 | D:1      | Noticed a naga
     0 | D:1      | Noticed a ghoul
     0 | D:1      | Noticed a kraken
     0 | D:1      | Noticed a naga
     0 | D:1      | Noticed an ogre
     0 | D:1      | Noticed a tengu
     0 | D:1      | Noticed an ogre
     0 | D:1      | Noticed an octopode
     3 | D:1      | Killed a tengu
     5 | D:1      | Killed an elf
     5 | D:1      | Killed a tengu
     5 | D:1      | Killed a human
     7 | D:1      | Killed a naga
     9 | D:1      | Killed a draconian
     9 | D:1      | Killed a naga
    10 | D:1      | Killed an ogre
    10 | D:1      | Killed a naga
    11 | D:1      | Killed an ogre
    12 | D:1      | Killed an octopode
    13 | D:1      | Killed a ghoul
   272 | D:1      | Reached XP level 2. HP: 20/20 MP: 1/5
   275 | D:1      | Learned a level 2 spell: Searing Ray
   487 | D:1      | Found a faded altar of an unknown god.
   538 | D:1      | Reached skill level 1 in Fighting
   538 | D:1      | Reached skill level 1 in Armour
   555 | D:1      | Reached XP level 3. HP: 21/26 MP: 2/6
   886 | D:2      | Noticed Sigmund
   886 | D:2      | Noticed Natasha
  1222 | D:2      | Reached XP level 4. HP: 30/32 MP: 2/8
  1246 | D:2      | Slain by a gnoll

Illustrated notes

Levels and vault maps discovered:
D:1:      nicolae_arrival_kraken_aquarium_a, layout_loops_ring,
          ebering_ecumenical_altar_petrified
D:2:      layout_rooms, uniq_sigmund, uniq_crazy_yiuf_cottage, uniq_natasha

Skill      XL: |  1  2 |
---------------+-------+-----
Dodging        | 2 |  2.0
Fighting       | 1 |  1.4
Armour         | 1 |  1.4
Stealth        | |  2.4
Spellcasting   | |  2.7
Conjurations   | |  3.9

Action                   |  1- 3 |  4- 6 || total
-------------------------+-------+-------++-------
Melee: Flail             |     4 |       ||     4
       Dagger            |    25 |     1 ||    26
       Punch             |     1 |     1 ||     2
 Cast: Magic Dart        |    35 |       ||    35
       Searing Ray       |     4 |       ||     4
 Abil: Dig               |     1 |       ||     1
 Stab: Sleeping          |     2 |       ||     2
Armor: Robe              |     8 |     4 ||    12
Dodge: Dodged            |    25 |     5 ||    30
